 Dungeon Crawl Stone Soup version 0.29.0-4-gdea44cf6ec (webtiles) character file.

Game seed: 1462175006809432150

84 qw the Chopper (level 4, -2/26 HPs)
             Began as a Tengu Warper on Aug 28, 2022.
             Slain by Terence
             ... wielding a +0 trident
              (4 damage)
             ... on level 3 of the Dungeon.
             The game lasted 00:00:13 (2583 turns).

qw the Chopper (Tengu Warper)                       Turns: 2583, Time: 00:00:14

Health: -2/26      AC:  6    Str: 13    XL:     4   Next: 46%
Magic:  8/8        EV: 11    Int: 14    God:
Gold:   68         SH:  0    Dex: 13    Spells: 7/7 levels left

rFire   . . .      SeeInvis .   Y - +0 hand axe
rCold   . . .      Faith    .   (no shield)
rNeg    + . .      Spirit   .   l - +1 ring mail {rN+}
rPois   .          Reflect  .   (helmet restricted)
rElec   .          Harm     .   (no cloak)
rCorr   .          Rampage  .   (no gloves)
Will    .....                   (boots unavailable)
Stlth   +.........              (no amulet)
HPRegen 0.08/turn               (no ring)
MPRegen 0.11/turn               (no ring)

@: no status effects
A: beak, talons 3
a: no special abilities


You were on level 3 of the Dungeon.
You visited 1 branch of the dungeon, and saw 3 of its levels.

You collected 68 gold pieces.


Innate Abilities, Weirdness & Mutations

You have a beak for a mouth.
You have claws for feet.


   Skills:
 - Level 2.0 Fighting
 + Level 5.0 Axes
 - Level 1.0 Throwing
 - Level 1.1 Armour
 - Level 2.1 Dodging
 - Level 2.0 Spellcasting
 - Level 2.4 Translocations


You had 7 spell levels left.
You didn't know any spells.
Your spell library contained the following spells:

 Spells                   Type           Power      Damage    Failure   Level
 Blink                    Tloc           16%        N/A       28%         2
 Gell's Gravitas          Tloc           8%         N/A       50%         3
 Lesser Beckoning         Tloc           8%         N/A       50%         3
 Teleport Other           Tloc           8%         N/A       50%         3
 Manifold Assault         Tloc           8%         N/A       99%         5

Inventory:

Hand Weapons
 f - a +0 whip
 Y - a +0 hand axe (weapon)
Armour
 l - a +1 ring mail of positive energy (worn)
Potions
 a - a potion of degeneration {unknown}
 d - a potion of curing
 h - a potion of might {unknown}
 i - a potion of cancellation {unknown}
 j - a potion of haste {unknown}
 m - a potion of magic {unknown}

Dungeon Overview and Level Annotations

Branches:
Dungeon (3/15)

Altars:
Trog

Annotations:
D:3 Terence


Message History

Assign waypoint to what number? (0-9, D - delete waypoint) Waypoint 2 re-assigned from D:1 to D:3.
Terence the Incautious comes into view.
He is wielding a +0 trident and carrying a wand of quicksilver (11).
Found a leather armour.
Terence shouts!
Enter note:
Enter note:
2571 ||| Stepping ~*~*~tactically~*~*~ (hiding).
You start waiting.
Terence is nearby!
Terence hits you with a +0 trident.
You closely miss Terence. Terence barely misses you.
You closely miss Terence.
Terence zaps a wand.
The bolt of dispelling energy hits you!
Ouch! That really hurt!
You hit Terence. You peck Terence.
Terence is moderately wounded.
Terence zaps a wand.
The bolt of dispelling energy misses you.
You barely miss Terence. You claw Terence, but do no damage.
Terence is moderately wounded.
Terence barely misses you.
You hit Terence. You claw Terence.
Terence is moderately wounded.
Terence says, "Did you write a will?
You should..."
Terence hits you with a +0 trident.
You hit Terence but do no damage.
Terence is moderately wounded.
Terence closely misses you.
You hit Terence but do no damage.
Terence is moderately wounded.
Terence closely misses you.
You barely miss Terence.
Terence is moderately wounded.
Terence hits you with a +0 trident.
You closely miss Terence. You claw Terence.
Terence is moderately wounded.
Terence hits you with a +0 trident.
You die...

#.# #.##.#.##
#.######.#.....#.#
#........#..#..#.#
#############..#.#
.........#..#.#
########.#..#.#
#.......#.#
#.##.#.##@######
#.##.#..@.......
#.......#.#.##.[
#.##.##.#.#
#####....#..
...........#.##
########.#<#.#
#######


You could see Terence.

Vanquished Creatures
  An adder (D:2)
  2 worms (D:2)
  3 endoplasms
  3 giant cockroaches
  6 goblins
  6 hobgoblins
  17 jackals
  A quokka (D:2)
  5 ball pythons
  4 bats (D:1)
  2 frilled lizards
  5 kobolds
  9 rats
64 creatures vanquished.

Vanquished Creatures (others)
  A fungus (D:2)
  4 plants (D:2)
5 creatures vanquished.

Grand Total: 69 creatures vanquished

Notes
Turn   | Place    | Note
-------+----------+-------------------------------------------
     0 | D:1      | qw the Tengu Warper began the quest for the Orb.
     0 | D:1      | Reached XP level 1. HP: 12/12 MP: 4/4
     0 | D:1      | 0 ||| qw: Version: 0.1-a-89-g26bdef1
     0 | D:1      | 0 ||| qw: Game counter: 2973
     0 | D:1      | 0 ||| qw: Always use a shield: true
     0 | D:1      | 0 ||| qw: God list: Okawaru
     0 | D:1      | 0 ||| qw: Allow faded altars: false
     0 | D:1      | 0 ||| qw: Do Orc after D:15 true
     0 | D:1      | 0 ||| qw: Do second Lair branch before Depths: true
     0 | D:1      | 0 ||| qw: Lair rune preference: random
     0 | D:1      | 0 ||| qw: Plans: Normal
     0 | D:1      | 0 ||| PLANNING D:1-11
    44 | D:1      | 44 ||| Stepping ~*~*~tactically~*~*~ (stealth).
    45 | D:1      | 45 ||| Stepping ~*~*~tactically~*~*~ (stealth).
    46 | D:1      | 46 ||| Stepping ~*~*~tactically~*~*~ (stealth).
    47 | D:1      | 47 ||| Stepping ~*~*~tactically~*~*~ (stealth).
    92 | D:1      | Reached XP level 2. HP: 17/17 MP: 6/6
   129 | D:1      | Reached skill level 3 in Axes
   313 | D:1      | 313 ||| Stepping ~*~*~tactically~*~*~ (stealth).
   315 | D:1      | 315 ||| Stepping ~*~*~tactically~*~*~ (stealth).
   551 | D:1      | 551 ||| Stepping ~*~*~tactically~*~*~ (stealth).
   553 | D:1      | 553 ||| Stepping ~*~*~tactically~*~*~ (stealth).
   556 | D:1      | Reached XP level 3. HP: 20/21 MP: 7/7
   619 | D:1      | 619 ||| Stepping ~*~*~tactically~*~*~ (stealth).
   624 | D:1      | 624 ||| Stepping ~*~*~tactically~*~*~ (stealth).
   766 | D:1      | Reached skill level 4 in Axes
  1248 | D:1      | 1248 ||| UPGRADING to +0 ring mail.
  1258 | D:1      | 1258 ||| DROPPING +0 leather armour.
  1259 | D:1      | 1259 ||| UPGRADING to +1 ring mail of positive energy.
  1269 | D:1      | 1269 ||| DROPPING +0 ring mail.
  1270 | D:1      | 1270 ||| READING scroll labelled JURHIO SACSAODWOU.
  1273 | D:1      | 1273 ||| DRINKING 2 fizzy inky potions.
  1274 | D:1      | 1274 ||| DRINKING 2 brown potions.
  1275 | D:1      | 1275 ||| DROPPING scroll of blinking.
  1276 | D:1      | 1276 ||| DROPPING potion of attraction.
  1310 | D:2      | 1310 ||| Stepping ~*~*~tactically~*~*~ (stealth).
  1596 | D:2      | 1596 ||| DROPPING +0 vorpal mace.
  1623 | D:2      | Found a bloodstained altar of Trog.
  1697 | D:2      | Reached XP level 4. HP: 25/26 MP: 8/8
  2257 | D:2      | Reached skill level 5 in Axes
  2286 | D:2      | Found a faded altar of an unknown god.
  2478 | D:2      | 2478 ||| READING scroll labelled KUM FIVOINETIC.
  2570 | D:3      | Noticed Terence
  2571 | D:3      | 2571 ||| Stepping ~*~*~tactically~*~*~ (hiding).
  2582 | D:3      | HP: 2/26 [Terence/+0 trident (6)]
  2583 | D:3      | Slain by Terence

Levels and vault maps discovered:
D:1:      erik_arrival_cave_to_civilisation [erik_arrival_cave_to_hall],
          layout_basic, minmay_ruptured
D:2:      layout_basic, basic_altar, shapermc_ecumenical_altar_mp_ritualfount
D:3:      layout_basic, old_standard_altar, uniq_terence

Skill      XL: |  1  2  3  4 |
---------------+-------------+-----
Axes           | 3 4 5 |  5.0
Fighting       | |  2.0
Throwing       | |  1.0
Armour         | |  1.1
Dodging        | |  2.1
Spellcasting   | |  2.0
Translocations | |  2.4

Action                   |  1- 3 |  4- 6 || total
-------------------------+-------+-------++-------
Melee: Hand axe          |   103 |    46 ||   149
       Kick              |    23 |    13 ||    36
       Peck              |    12 |     5 ||    17
Throw: Boomerang         |     7 |       ||     7
  Use: Potion            |     2 |       ||     2
       Scroll            |     1 |     1 ||     2
Armor: Leather armour    |    21 |       ||    21
       Ring mail         |    17 |     9 ||    26
Dodge: Dodged            |    51 |    13 ||    64

Table legend:
 A = Non-vault XP
 B = Vault XP
 C = Vault XP percentage of total XP
 D = Non-vault monster count
 E = Vault monster count
 F = Vault count percentage of total count
                 A         B        C        D         E       F
            +---------+---------+-------+---------+---------+-------
      Total |     112 |       9 |   7.4 |      58 |       6 |   9.4
            +---------+---------+-------+---------+---------+-------
        D:1 |      44 |       9 |  17.0 |      27 |       6 |  18.2
        D:2 |      68 |       0 |   0.0 |      31 |       0 |   0.0
            +---------+---------+-------+---------+---------+-------
